NASHVILLE Predators vs CALGARY Flames

Created - 19 février 2024 at 21:27

Goals
1 2 3 T
NASHVILLE Predators 0 0 1 1
CALGARY Flames 4 1 0 5
Shots
1 2 3 T
NASHVILLE Predators 10 1 15 26
CALGARY Flames 15 11 4 30

1st period

1. CALGARY Flames , Michael Rasmussen 2 (Quinn Hughes 10, Philipp Kurashev 3) at 5:53
2. CALGARY Flames , Darnell Nurse 4 (Charlie Coyle 10, Lawson Crouse 4) at 13:01 (PP)
3. CALGARY Flames , Lawson Crouse 1 (Charlie McAvoy 6) at 17:04
4. CALGARY Flames , Daniel Sprong 2 (Michael Rasmussen 6) at 17:34 (PP)

Penalties :
Jamie Oleksiak (CGY) for Fighting (Major) at 1:17, Luke Schenn (NSH) for Fighting (Major) at 1:17, Jamie Oleksiak (CGY) for instigated a fight (Game Misconduct) at 1:17, Darnell Nurse (CGY) for Fighting (Major) at 1:17, Dylan Larkin (NSH) for Fighting (Major) at 1:17, Charlie Coyle (CGY) for Fighting (Major) at 1:17, Esa Lindell (NSH) for Fighting (Major) at 1:17, Daniel Sprong (CGY) for Slashing (Minor) at 1:17, Pavel Zacha (NSH) for High sticking (Minor) at 1:17, Cole Perfetti (CGY) for Interference (Minor) at 1:17, Tanner Jeannot (NSH) for Roughing (Minor) at 8:55, Brent Burns (NSH) for Hooking (Minor) at 11:08, Tanner Jeannot (NSH) for Slashing (Minor) at 17:28, Jaccob Slavin (NSH) for Slashing (Minor) at 19:42

2nd period

5. CALGARY Flames , Darnell Nurse 5 (Michael Rasmussen 7, Charlie McAvoy 7) at 1:34 (PP)

Penalties :
Brent Burns (NSH) for Roughing (Minor) at 5:04

3rd period

6. NASHVILLE Predators , Tanner Jeannot 2 (Aleksander Barkov 6, Luke Schenn 4) at 13:36

Penalties :
Charlie McAvoy (CGY) for Slashing (Minor) at 0:37, Darnell Nurse (CGY) for Cross-checking (Minor) at 7:20, Boone Jenner (CGY) for Roughing (Minor) at 18:14

Goalie Stats

Charlie Lindgren (NSH), 11 saves from 11 shots - (1,000), 38:26 minutes
Juuse Saros (NSH), 14 saves from 19 shots - (0,737), L, 6-3-3, 21:34 minutes
Jacob Markstrom (CGY), 25 saves from 26 shots - (0,962), W, 7-4-1, 60:00 minutes

Players Stats for NASHVILLE Predators

Player Name              G  A  P  +/- PIM S  H  SB GA TA FO     MP     PP MP  PK MP  
------------------------------------------------------------------------------------
Aleksander Barkov        0  1  1   1  0   3  0  0  0  0  14/25  21:15   3:51   1:25 
Alex DeBrincat           0  0  0   1  0   2  0  0  0  0  0/2    21:53   3:51   2:03 
Brent Burns              0  0  0  -1  4   4  3  2  0  0  0/0    24:01   4:17   0:00 
Dmitry Kulikov           0  0  0   0  0   0  0  3  0  0  0/0    13:59   0:00   1:35 
Dylan Gambrell           0  0  0   0  0   0  1  0  0  0  3/7     5:46   0:00   0:00 
Dylan Larkin             0  0  0   0  5   2  2  0  0  0  9/15   14:01   2:16   0:00 
Esa Lindell              0  0  0   0  5   1  1  0  0  0  0/0    19:45   3:01   3:48 
Jaccob Slavin            0  0  0  -1  2   2  0  1  0  0  0/0    25:40   4:07   2:26 
Jean-Gabriel Pageau      0  0  0  -2  0   1  1  0  0  0  14/23  16:45   2:09   4:16 
Jimmy Vesey              0  0  0  -2  0   0  0  0  0  0  0/0    13:36   1:35   2:08 
Johnny Gaudreau          0  0  0   0  0   1  0  0  0  0  0/1    16:38   3:17   0:30 
Jonatan Berggren         0  0  0   0  0   1  0  0  0  0  0/0     5:46   0:00   0:00 
Luke Schenn              0  1  1   0  5   0  0  1  0  0  0/0    16:06   0:00   3:48 
Nicholas Robertson       0  0  0   0  0   0  0  0  0  0  0/0     5:46   0:00   0:00 
Pavel Zacha              0  0  0   0  2   2  1  1  0  0  1/3    17:14   2:16   2:08 
Reilly Smith             0  0  0  -2  0   2  1  0  0  0  1/1    13:44   3:51   0:00 
Tanner Jeannot           1  0  1   1  4   2  2  1  0  0  1/2    19:43   0:00   3:08 
Travis Hamonic           0  0  0   0  0   3  3  3  0  0  0/0    20:24   3:59   4:01 

Players Stats for CALGARY Flames

Player Name              G  A  P  +/- PIM S  H  SB GA TA FO     MP     PP MP  PK MP  
------------------------------------------------------------------------------------
A.J. Greer               0  0  0   0  0   0  1  0  0  0  0/0    10:03   0:45   0:00 
Alex Newhook             0  0  0   1  0   1  2  0  0  0  0/0    16:32   3:48   0:00 
Alexei Toropchenko       0  0  0   0  0   1  0  0  0  0  0/2     8:17   0:13   0:00 
Boone Jenner             0  0  0   1  2   1  0  0  0  0  17/28  18:52   4:01   1:06 
Charlie Coyle            0  1  1   0  5   1  2  3  0  0  5/13   19:23   3:48   2:39 
Charlie McAvoy           0  2  2   2  2   2  4  2  0  0  0/0    28:08   4:05   3:15 
Cole Perfetti            0  0  0   0  2   2  1  0  0  0  1/1    13:50   0:45   0:00 
Daniel Sprong            1  0  1   0  2   3  0  0  0  0  1/2    16:53   3:48   0:00 
Darnell Nurse            2  0  2   0  7   5  2  1  0  0  0/0    21:46   3:32   2:28 
Jamie Oleksiak           0  0  0   0  17  0  0  0  0  0  0/0     0:27   0:00   0:00 
Johnathan Kovacevic      0  0  0  -1  0   0  2  1  0  0  0/0    24:37   2:59   4:44 
Josh Brown               0  0  0   0  0   1  2  2  0  0  0/0    19:26   0:45   1:09 
Keegan Kolesar           0  0  0   0  0   2  1  1  0  0  1/2    13:39   0:00   3:04 
Lawson Crouse            1  1  2   1  0   2  3  0  0  0  2/3    19:11   3:48   2:39 
Michael Rasmussen        1  2  3   0  0   5  1  1  0  0  7/22   17:48   3:16   3:57 
Philipp Kurashev         0  1  1   0  0   1  0  0  0  0  0/0    10:35   0:00   0:00 
Quinn Hughes             0  1  1   1  0   2  2  1  0  0  0/0    22:40   3:32   3:48 
Ty Dellandrea            0  0  0   0  0   1  0  0  0  0  2/6     8:04   0:00   0:00 

3 Stars

1 - Michael Rasmussen (CGY)
2 - Lawson Crouse (CGY)
3 - Charlie McAvoy (CGY)

Power Play

NASHVILLE Predators - 0 on 5 Attempt(s) - 0,00%
CALGARY Flames - 3 on 5 Attempt(s) - 60,00%

Penalty Kill

NASHVILLE Predators - 2 on 5 Attempt(s) - 40,00% - Score 0 goal in Penalty Kill
CALGARY Flames - 5 on 5 Attempt(s) - 100,00% - Score 0 goal in Penalty Kill

Team Stat

NASHVILLE Predators - Hits : 15 - Faceoff Wins : 43 - Blocked Shots : 12 - Penalty Minutes : 27
CALGARY Flames - Hits : 23 - Faceoff Wins : 36 - Blocked Shots : 12 - Penalty Minutes : 37

Official

Referees : Pierre Lambert and Anna Wiegand
Linesman : Derek Amell and Alexandra Clarke

Game Notes

General Fight at 1:17 of 1st period
Jamie Oleksiak beats up Luke Schenn at 1:17 of 1st period
Jamie Oleksiak (CGY) for instigated a fight (Game Misconduct) at 1:17
Jamie Oleksiak ejected from game at 1:17 of 1st period
Darnell Nurse and Dylan Larkin fight to a draw at 1:17 of 1st period
Charlie Coyle and Esa Lindell fight to a draw at 1:17 of 1st period
Charlie Lindgren enters game at 1:34 of 2nd period

Finance

Level 1 -- Attendance: 4772 (79,53%) -- Ticket Income $477,200
Level 2 -- Attendance: 4198 (83,96%) -- Ticket Income $251,880
Level 3 -- Attendance: 2000 (100,00%) -- Ticket Income $70,000
Level 4 -- Attendance: 4000 (100,00%) -- Ticket Income $80,000
Luxury Box -- Attendance: 859 (85,90%) -- Ticket Income $171,800
Game was played at the Scotiabank Saddledome.
Total Attendance: 15829 (87,94%)
Total Ticket Income: $1,050,880
Other Income: $262,720
Total Income: $1,313,600

NASHVILLE Predators

5 vs 5 Forward 
   Center                   Left Wing                Right Wing               Time % Phy DF OF 
 1 Aleksander Barkov        Alex DeBrincat           Tanner Jeannot           40     1   2  2  
 2 Dylan Larkin             Johnny Gaudreau          Pavel Zacha              30     0   2  3  
 3 Jean-Gabriel Pageau      Jimmy Vesey              Reilly Smith             20     2   2  1  
 4 Dylan Gambrell           Nicholas Robertson       Jonatan Berggren         10     1   2  2  

5 vs 5 Defense 
   Defense                  Defense                                           Time % Phy DF OF 
 1 Brent Burns              Jaccob Slavin                                     40     0   3  2  
 2 Esa Lindell              Luke Schenn                                       30     1   2  2  
 3 Travis Hamonic           Dmitry Kulikov                                    20     1   3  1  
 4 Esa Lindell              Brent Burns                                       10     1   2  2  

PowerPlay Forward 
   Center                   Left Wing                Right Wing               Time % Phy DF OF 
 1 Aleksander Barkov        Johnny Gaudreau          Alex DeBrincat           60     0   1  4  
 2 Dylan Larkin             Reilly Smith             Pavel Zacha              40     0   1  4  

PowerPlay Defense
   Defense                  Defense                                           Time % Phy DF OF 
 1 Brent Burns              Jaccob Slavin                                     60     1   1  3  
 2 Esa Lindell              Travis Hamonic                                    40     1   1  3  

Penalty Kill 4 Players Forward 
   Center                   Wing                     Time % Phy DF OF 
 1 Jean-Gabriel Pageau      Tanner Jeannot           60     1   3  1  
 2 Pavel Zacha              Jimmy Vesey              40     1   3  1  

Penalty Kill 4 Players Defense
   Defense                  Defense                  Time % Phy DF OF 
 1 Travis Hamonic           Jaccob Slavin            60     1   3  1  
 2 Esa Lindell              Luke Schenn              40     1   3  1  

Penalty Kill - 3 Players Forward 
   Forward                                           Time % Phy DF OF 
 1 Aleksander Barkov                                 60     1   3  1  
 2 Jean-Gabriel Pageau                               40     1   3  1  

Penalty Kill - 3 Players Defense
   Defense                  Defense                  Time % Phy DF OF 
 1 Brent Burns              Jaccob Slavin            60     1   3  1  
 2 Esa Lindell              Luke Schenn              40     1   3  1  

4 vs 4 Forward 
   Center                   Wing                     Time % Phy DF OF 
 1 Aleksander Barkov        Alex DeBrincat           60     1   2  2  
 2 Dylan Larkin             Johnny Gaudreau          40     1   2  2  

4 vs 4 Defense
   Defense                  Defense                  Time % Phy DF OF 
 1 Brent Burns              Jaccob Slavin            60     1   2  2  
 2 Esa Lindell              Luke Schenn              40     1   2  2  

Last Minutes Offensive
   Center                   Left Wing                Right Wing               Defense                  Defense                  
   Aleksander Barkov        Alex DeBrincat           Reilly Smith             Brent Burns              Jaccob Slavin            

Last Minutes Defensive
   Center                   Left Wing                Right Wing               Defense                  Defense                  
   Aleksander Barkov        Alex DeBrincat           Reilly Smith             Brent Burns              Jaccob Slavin            

Goaltenders
Starting : Juuse Saros              
Backup : Charlie Lindgren         

Extra Forwards
Normal : Jean-Gabriel Pageau, Jimmy Vesey, Tanner Jeannot - PP : Jean-Gabriel Pageau, Jimmy Vesey - PK : Tanner Jeannot
Extra Defensemen
Normal : Travis Hamonic, Dmitry Kulikov, Luke Schenn - PP : Travis Hamonic - PK : Dmitry Kulikov, Luke Schenn
Penalty Shots
Alex DeBrincat, Dylan Larkin, Johnny Gaudreau, Aleksander Barkov, Reilly Smith

Scratches
None

CALGARY Flames

5 vs 5 Forward 
   Center                   Left Wing                Right Wing               Time % Phy DF OF 
 1 Boone Jenner             Alex Newhook             Lawson Crouse            30     2   1  2  
 2 Charlie Coyle            Cole Perfetti            Daniel Sprong            30     1   1  3  
 3 Michael Rasmussen        Philipp Kurashev         Keegan Kolesar           25     2   1  2  
 4 Ty Dellandrea            Alexei Toropchenko       A.J. Greer               15     2   1  2  

5 vs 5 Defense 
   Defense                  Defense                                           Time % Phy DF OF 
 1 Quinn Hughes             Charlie McAvoy                                    40     1   2  2  
 2 Darnell Nurse            Jamie Oleksiak                                    30     2   2  1  
 3 Johnathan Kovacevic      Josh Brown                                        25     3   2  0  
 4 Darnell Nurse            Jamie Oleksiak                                    5      2   2  1  

PowerPlay Forward 
   Center                   Left Wing                Right Wing               Time % Phy DF OF 
 1 Boone Jenner             Lawson Crouse            Charlie Coyle            55     1   0  4  
 2 Michael Rasmussen        Alex Newhook             Daniel Sprong            45     1   0  4  

PowerPlay Defense
   Defense                  Defense                                           Time % Phy DF OF 
 1 Quinn Hughes             Charlie McAvoy                                    60     1   2  2  
 2 Darnell Nurse            Jamie Oleksiak                                    40     1   2  2  

Penalty Kill 4 Players Forward 
   Center                   Wing                     Time % Phy DF OF 
 1 Charlie Coyle            Lawson Crouse            50     1   3  1  
 2 Michael Rasmussen        Keegan Kolesar           50     2   3  0  

Penalty Kill 4 Players Defense
   Defense                  Defense                  Time % Phy DF OF 
 1 Darnell Nurse            Charlie McAvoy           60     1   2  2  
 2 Quinn Hughes             Jamie Oleksiak           40     1   2  2  

Penalty Kill - 3 Players Forward 
   Forward                                           Time % Phy DF OF 
 1 Charlie Coyle                                     50     1   4  0  
 2 Michael Rasmussen                                 50     1   4  0  

Penalty Kill - 3 Players Defense
   Defense                  Defense                  Time % Phy DF OF 
 1 Darnell Nurse            Charlie McAvoy           60     1   2  2  
 2 Quinn Hughes             Jamie Oleksiak           40     1   2  2  

4 vs 4 Forward 
   Center                   Wing                     Time % Phy DF OF 
 1 Boone Jenner             Lawson Crouse            50     2   1  2  
 2 Charlie Coyle            Daniel Sprong            50     1   1  3  

4 vs 4 Defense
   Defense                  Defense                  Time % Phy DF OF 
 1 Quinn Hughes             Charlie McAvoy           55     1   2  2  
 2 Darnell Nurse            Jamie Oleksiak           45     1   2  2  

Last Minutes Offensive
   Center                   Left Wing                Right Wing               Defense                  Defense                  
   Boone Jenner             Lawson Crouse            Charlie Coyle            Quinn Hughes             Charlie McAvoy           

Last Minutes Defensive
   Center                   Left Wing                Right Wing               Defense                  Defense                  
   Charlie Coyle            Michael Rasmussen        Lawson Crouse            Darnell Nurse            Charlie McAvoy           

Goaltenders
Starting : Jacob Markstrom          
Backup : Stuart Skinner           

Extra Forwards
Normal : Charlie Coyle, Boone Jenner, Michael Rasmussen - PP : Cole Perfetti, Michael Rasmussen - PK : Boone Jenner
Extra Defensemen
Normal : Jamie Oleksiak, Johnathan Kovacevic, Josh Brown - PP : Jamie Oleksiak - PK : Jamie Oleksiak, Johnathan Kovacevic
Penalty Shots
Alex Newhook, Boone Jenner, Quinn Hughes, Charlie McAvoy, Daniel Sprong

Scratches
Jacob Bryson (Healthy), Jake Muzzin (Healthy)

% Time on Ice - NASHVILLE Predators

Lines # - Real PCT - Wanted PCT - Time Play
Normal Forward
1 - 36% - 40% - 15:59
2 - 29% - 30% - 12:51
3 - 22% - 20% - 9:53
4 - 13% - 10% - 5:46
Normal Defense
1 - 41% - 40% - 18:26
2 - 33% - 30% - 14:36
3 - 24% - 20% - 10:49
4 - 1% - 10% - 0:38
PP Forward
1 - 50% - 60% - 3:51
2 - 50% - 40% - 3:51
PP Defense
1 - 48% - 60% - 3:43
2 - 52% - 40% - 3:59
PK Forward
1 - 73% - 60% - 5:41
2 - 27% - 40% - 2:08
PK Defense
1 - 51% - 60% - 4:01
2 - 49% - 40% - 3:48
PK3 Forward
1 - 0% - 60%
2 - 0% - 40%
PK3 Defense
1 - 0% - 60%
2 - 0% - 40%
44 Forward
1 - 0% - 60%
2 - 0% - 40%
44 Defense
1 - 0% - 60%
2 - 0% - 40%
Last Minute Offensive  - 0:00
Last Minute Defensive  - 0:00
Total
Forward - 60:00
Defense - 60:00

% Time on Ice - CALGARY Flames

Lines # - Real PCT - Wanted PCT - Time Play
Normal Forward
1 - 29% - 30% - 12:44
2 - 29% - 30% - 13:06
3 - 24% - 25% - 10:35
4 - 18% - 15% - 8:04
Normal Defense
1 - 26% - 40% - 11:26
2 - 43% - 30% - 19:11
3 - 21% - 25% - 9:28
4 - 10% - 5% - 4:24
PP Forward
1 - 49% - 55% - 3:48
2 - 51% - 45% - 4:01
PP Defense
1 - 45% - 60% - 3:32
2 - 55% - 40% - 4:17
PK Forward
1 - 46% - 50% - 2:39
2 - 54% - 50% - 3:04
PK Defense
1 - 43% - 60% - 2:26
2 - 57% - 40% - 3:17
PK3 Forward
1 - 55% - 50% - 1:06
2 - 45% - 50% - 0:53
PK3 Defense
1 - 55% - 60% - 1:06
2 - 45% - 40% - 0:53
44 Forward
1 - 0% - 50%
2 - 0% - 50%
44 Defense
1 - 0% - 55%
2 - 0% - 45%
Last Minute Offensive  - 0:00
Last Minute Defensive  - 0:00
Total
Forward - 60:00
Defense - 60:00

Play-by-Play

1st period


0:01 of 1st period - Boone Jenner wins face-off versus Aleksander Barkov in neutral zone.
0:49 of 1st period - Icing by Jaccob Slavin.
0:50 of 1st period - Cole Perfetti wins face-off versus Aleksander Barkov in NASHVILLE Predators zone.
1:17 of 1st period - Jamie Oleksiak beats up Luke Schenn.
1:17 of 1st period - Penalty to Jamie Oleksiak for Fighting.
1:17 of 1st period - Penalty to Luke Schenn for Fighting.
1:17 of 1st period - Penalty to Jamie Oleksiak for instigated a fight.
1:17 of 1st period - Jamie Oleksiak is ejected from game.
1:17 of 1st period - Darnell Nurse and Dylan Larkin fight to a draw.
1:17 of 1st period - Penalty to Darnell Nurse for Fighting.
1:17 of 1st period - Penalty to Dylan Larkin for Fighting.
1:17 of 1st period - Charlie Coyle and Esa Lindell fight to a draw.
1:17 of 1st period - Penalty to Charlie Coyle for Fighting.
1:17 of 1st period - Penalty to Esa Lindell for Fighting.
1:17 of 1st period - Minor Penalty to Daniel Sprong for Slashing.
1:17 of 1st period - Minor Penalty to Pavel Zacha for High sticking.
1:17 of 1st period - Minor Penalty to Cole Perfetti for Interference.
1:18 of 1st period - Jean-Gabriel Pageau wins face-off versus Michael Rasmussen in CALGARY Flames zone.
1:34 of 1st period - Jimmy Vesey is hit by Johnathan Kovacevic and loses puck.
1:37 of 1st period - Shot by Jean-Gabriel Pageau.
1:37 of 1st period - Stopped by Jacob Markstrom without a rebound.
1:38 of 1st period - Boone Jenner wins face-off versus Jean-Gabriel Pageau in CALGARY Flames zone.
1:51 of 1st period - Shot by Brent Burns.
1:51 of 1st period - Stopped by Jacob Markstrom without a rebound.
1:52 of 1st period - Aleksander Barkov wins face-off versus Boone Jenner in CALGARY Flames zone.
2:15 of 1st period - Shot by Travis Hamonic.
2:15 of 1st period - Stopped by Jacob Markstrom without a rebound.
2:16 of 1st period - Michael Rasmussen wins face-off versus Jean-Gabriel Pageau in CALGARY Flames zone.
2:28 of 1st period - Icing by Jaccob Slavin.
2:29 of 1st period - Michael Rasmussen wins face-off versus Jean-Gabriel Pageau in NASHVILLE Predators zone.
2:36 of 1st period - Shot by Jimmy Vesey.
2:36 of 1st period - Shot Blocked by Quinn Hughes.
2:47 of 1st period - Icing by Brent Burns.
2:48 of 1st period - Jean-Gabriel Pageau wins face-off versus Boone Jenner in NASHVILLE Predators zone.
3:52 of 1st period - Shot by Michael Rasmussen.
3:52 of 1st period - Shot Blocked by Dmitry Kulikov.
3:54 of 1st period - Shot by Keegan Kolesar.
3:54 of 1st period - Stopped by Juuse Saros without a rebound.
3:55 of 1st period - Boone Jenner wins face-off versus Dylan Gambrell in NASHVILLE Predators zone.
4:01 of 1st period - Icing by Jaccob Slavin.
4:02 of 1st period - Boone Jenner wins face-off versus Dylan Gambrell in NASHVILLE Predators zone.
4:09 of 1st period - Shot by Boone Jenner.
4:09 of 1st period - Deflect By Daniel Sprong.
4:09 of 1st period - Stopped by Juuse Saros without a rebound.
4:10 of 1st period - Jean-Gabriel Pageau wins face-off versus Ty Dellandrea in NASHVILLE Predators zone.
4:25 of 1st period - Shot by Ty Dellandrea.
4:25 of 1st period - Stopped by Juuse Saros without a rebound.
4:26 of 1st period - Aleksander Barkov wins face-off versus Boone Jenner in NASHVILLE Predators zone.
4:50 of 1st period - Shot by Daniel Sprong.
4:50 of 1st period - Shot Blocked by Tanner Jeannot.
5:39 of 1st period - Philipp Kurashev is hit by Brent Burns.
5:53 of 1st period - Shot by Michael Rasmussen.
5:53 of 1st period - Goal by Michael Rasmussen - NASHVILLE Predators : 0 - CALGARY Flames : 1.
5:54 of 1st period - Jean-Gabriel Pageau wins face-off versus Ty Dellandrea in neutral zone.
6:08 of 1st period - Ty Dellandrea is hit by Pavel Zacha and loses puck.
6:20 of 1st period - Icing by Ty Dellandrea.
6:21 of 1st period - Dylan Gambrell wins face-off versus Alexei Toropchenko in CALGARY Flames zone.
6:26 of 1st period - Shot by Esa Lindell.
6:26 of 1st period - Stopped by Jacob Markstrom with a rebound.
6:34 of 1st period - Shot by Jonatan Berggren.
6:34 of 1st period - Stopped by Jacob Markstrom without a rebound.
6:35 of 1st period - Boone Jenner wins face-off versus Aleksander Barkov in CALGARY Flames zone.
6:55 of 1st period - Icing by Charlie McAvoy.
6:56 of 1st period - Boone Jenner wins face-off versus Dylan Larkin in CALGARY Flames zone.
8:11 of 1st period - Icing by Cole Perfetti.
8:12 of 1st period - Charlie Coyle wins face-off versus Jean-Gabriel Pageau in CALGARY Flames zone.
8:12 of 1st period - Charlie Coyle is hit by Reilly Smith.
8:24 of 1st period - Shot by Daniel Sprong.
8:24 of 1st period - Stopped by Juuse Saros without a rebound.
8:25 of 1st period - Aleksander Barkov wins face-off versus Michael Rasmussen in NASHVILLE Predators zone.
8:55 of 1st period - Minor Penalty to Tanner Jeannot for Roughing.
8:56 of 1st period - Boone Jenner wins face-off versus Jean-Gabriel Pageau in NASHVILLE Predators zone.
9:00 of 1st period - Lawson Crouse is hit by Travis Hamonic and loses puck.
9:19 of 1st period - Shot by Charlie McAvoy.
9:19 of 1st period - Stopped by Juuse Saros without a rebound.
9:20 of 1st period - Jean-Gabriel Pageau wins face-off versus Michael Rasmussen in NASHVILLE Predators zone.
9:59 of 1st period - Shot by Darnell Nurse.
9:59 of 1st period - Stopped by Juuse Saros without a rebound.
10:00 of 1st period - Boone Jenner wins face-off versus Pavel Zacha in NASHVILLE Predators zone.
10:05 of 1st period - Shot by Johnathan Kovacevic.
10:05 of 1st period - Shot Blocked by Travis Hamonic.
10:07 of 1st period - Shot by Lawson Crouse.
10:07 of 1st period - Shot Blocked by Pavel Zacha.
10:29 of 1st period - Shot by Boone Jenner.
10:29 of 1st period - Shot Blocked by Travis Hamonic.
11:02 of 1st period - Alexei Toropchenko is hit by Esa Lindell and loses puck.
11:08 of 1st period - Minor Penalty to Brent Burns for Hooking.
11:09 of 1st period - Jean-Gabriel Pageau wins face-off versus Michael Rasmussen in NASHVILLE Predators zone.
11:09 of 1st period - Jaccob Slavin is hit by Alex Newhook and loses puck.
11:35 of 1st period - Shot by Charlie McAvoy.
11:35 of 1st period - Shot Misses the Net.
12:37 of 1st period - Shot by Darnell Nurse.
12:37 of 1st period - Stopped by Juuse Saros without a rebound.
12:38 of 1st period - Jean-Gabriel Pageau wins face-off versus Boone Jenner in NASHVILLE Predators zone.
13:01 of 1st period - Shot by Darnell Nurse.
13:01 of 1st period - Goal by Darnell Nurse - NASHVILLE Predators : 0 - CALGARY Flames : 2.
13:02 of 1st period - Ty Dellandrea wins face-off versus Dylan Larkin in neutral zone.
13:23 of 1st period - Shot by Dylan Larkin.
13:23 of 1st period - Shot Misses the Net.
13:25 of 1st period - Shot by Brent Burns.
13:25 of 1st period - Stopped by Jacob Markstrom without a rebound.
13:26 of 1st period - Dylan Gambrell wins face-off versus Keegan Kolesar in CALGARY Flames zone.
13:26 of 1st period - Dmitry Kulikov is hit by Josh Brown and loses puck.
13:32 of 1st period - Michael Rasmussen is hit by Travis Hamonic and loses puck.
13:52 of 1st period - Dylan Gambrell is hit by Darnell Nurse and loses puck.
14:08 of 1st period - Icing by Travis Hamonic.
14:09 of 1st period - Dylan Gambrell wins face-off versus Daniel Sprong in NASHVILLE Predators zone.
14:38 of 1st period - Aleksander Barkov is hit by Quinn Hughes and loses puck.
15:50 of 1st period - Shot by Jean-Gabriel Pageau.
15:50 of 1st period - Shot Blocked by Michael Rasmussen.
16:06 of 1st period - Darnell Nurse is hit by Jean-Gabriel Pageau and loses puck.
16:20 of 1st period - Icing by Luke Schenn.
16:21 of 1st period - Charlie Coyle wins face-off versus Jean-Gabriel Pageau in NASHVILLE Predators zone.
17:04 of 1st period - Shot by Lawson Crouse.
17:04 of 1st period - Goal by Lawson Crouse - NASHVILLE Predators : 0 - CALGARY Flames : 3.
17:05 of 1st period - Tanner Jeannot wins face-off versus Lawson Crouse in neutral zone.
17:10 of 1st period - Shot by Aleksander Barkov.
17:10 of 1st period - Stopped by Jacob Markstrom with a rebound.
17:28 of 1st period - Minor Penalty to Tanner Jeannot for Slashing.
17:29 of 1st period - Michael Rasmussen wins face-off versus Alex DeBrincat in NASHVILLE Predators zone.
17:34 of 1st period - Shot by Daniel Sprong.
17:34 of 1st period - Goal by Daniel Sprong - NASHVILLE Predators : 0 - CALGARY Flames : 4.
17:35 of 1st period - Dylan Larkin wins face-off versus Charlie Coyle in neutral zone.
17:49 of 1st period - Shot by Cole Perfetti.
17:49 of 1st period - Stopped by Juuse Saros without a rebound.
17:50 of 1st period - Boone Jenner wins face-off versus Aleksander Barkov in NASHVILLE Predators zone.
18:02 of 1st period - Icing by Brent Burns.
18:03 of 1st period - Aleksander Barkov wins face-off versus Charlie Coyle in NASHVILLE Predators zone.
18:14 of 1st period - Shot by Cole Perfetti.
18:14 of 1st period - Stopped by Juuse Saros without a rebound.
18:15 of 1st period - Pavel Zacha wins face-off versus Boone Jenner in NASHVILLE Predators zone.
18:32 of 1st period - Shot by Dylan Larkin.
18:32 of 1st period - Stopped by Jacob Markstrom with a rebound.
18:34 of 1st period - Shot by Travis Hamonic.
18:34 of 1st period - Shot Misses the Net.
18:36 of 1st period - Shot by Pavel Zacha.
18:36 of 1st period - Stopped by Jacob Markstrom with a rebound.
18:40 of 1st period - Shot by Dylan Larkin.
18:40 of 1st period - Shot Misses the Net.
18:44 of 1st period - Shot by Pavel Zacha.
18:44 of 1st period - Stopped by Jacob Markstrom without a rebound.
18:45 of 1st period - Aleksander Barkov wins face-off versus Charlie Coyle in CALGARY Flames zone.
19:16 of 1st period - Icing by Jaccob Slavin.
19:17 of 1st period - Boone Jenner wins face-off versus Aleksander Barkov in NASHVILLE Predators zone.
19:28 of 1st period - Shot by Lawson Crouse.
19:28 of 1st period - Stopped by Juuse Saros with a rebound.
19:30 of 1st period - Shot by Quinn Hughes.
19:30 of 1st period - Shot Blocked by Jaccob Slavin.
19:40 of 1st period - Shot by Alex Newhook.
19:40 of 1st period - Shot Blocked by Brent Burns.
19:42 of 1st period - Shot by Quinn Hughes.
19:42 of 1st period - Stopped by Juuse Saros without a rebound.
19:42 of 1st period - Minor Penalty to Jaccob Slavin for Slashing.
19:43 of 1st period - Jean-Gabriel Pageau wins face-off versus Michael Rasmussen in NASHVILLE Predators zone.
19:43 of 1st period - Jean-Gabriel Pageau is hit by Michael Rasmussen.
Goals for this period are 0 for NASHVILLE Predators vs 4 for CALGARY Flames.
Shots for this period are 10 for NASHVILLE Predators vs 15 for CALGARY Flames.

2nd period


0:01 of 2nd period - Boone Jenner wins face-off versus Jean-Gabriel Pageau in neutral zone.
0:04 of 2nd period - Shot by Charlie McAvoy.
0:04 of 2nd period - Stopped by Juuse Saros with a rebound.
1:14 of 2nd period - Shot by Darnell Nurse.
1:14 of 2nd period - Stopped by Juuse Saros with a rebound.
1:16 of 2nd period - Shot by Alex Newhook.
1:16 of 2nd period - Stopped by Juuse Saros without a rebound.
1:17 of 2nd period - Michael Rasmussen wins face-off versus Jean-Gabriel Pageau in NASHVILLE Predators zone.
1:32 of 2nd period - Shot by Michael Rasmussen.
1:32 of 2nd period - Shot Blocked by Dmitry Kulikov.
1:34 of 2nd period - Shot by Darnell Nurse.
1:34 of 2nd period - Goal by Darnell Nurse - NASHVILLE Predators : 0 - CALGARY Flames : 5.
1:34 of 2nd period - Charlie Lindgren enters game.
1:35 of 2nd period - Ty Dellandrea wins face-off versus Dylan Gambrell in neutral zone.
2:12 of 2nd period - Jonatan Berggren is hit by A.J. Greer and loses puck.
2:51 of 2nd period - Shot by Tanner Jeannot.
2:51 of 2nd period - Shot Misses the Net.
2:59 of 2nd period - Shot by Aleksander Barkov.
2:59 of 2nd period - Shot Blocked by Charlie McAvoy.
3:08 of 2nd period - Aleksander Barkov is hit by Charlie McAvoy and loses puck.
3:14 of 2nd period - Alex DeBrincat is hit by Charlie McAvoy and loses puck.
3:35 of 2nd period - Shot by Pavel Zacha.
3:35 of 2nd period - Shot Misses the Net.
5:04 of 2nd period - Shot by Josh Brown.
5:04 of 2nd period - Stopped by Charlie Lindgren without a rebound.
5:04 of 2nd period - Minor Penalty to Brent Burns for Roughing.
5:05 of 2nd period - Jean-Gabriel Pageau wins face-off versus Boone Jenner in NASHVILLE Predators zone.
5:05 of 2nd period - Jean-Gabriel Pageau is hit by Lawson Crouse.
7:00 of 2nd period - Shot by Michael Rasmussen.
7:00 of 2nd period - Shot Misses the Net.
7:57 of 2nd period - Shot by Keegan Kolesar.
7:57 of 2nd period - Stopped by Charlie Lindgren with a rebound.
8:12 of 2nd period - Off-side.
8:13 of 2nd period - Aleksander Barkov wins face-off versus Boone Jenner in neutral zone.
8:18 of 2nd period - Boone Jenner is hit by Tanner Jeannot and loses puck.
8:22 of 2nd period - Icing by Quinn Hughes.
8:23 of 2nd period - Aleksander Barkov wins face-off versus Boone Jenner in CALGARY Flames zone.
8:38 of 2nd period - Shot by Alex Newhook.
8:38 of 2nd period - Deflect By Boone Jenner.
8:38 of 2nd period - Stopped by Charlie Lindgren with a rebound.
8:40 of 2nd period - Shot by Lawson Crouse.
8:40 of 2nd period - Shot Blocked by Travis Hamonic.
8:42 of 2nd period - Shot by Quinn Hughes.
8:42 of 2nd period - Shot Blocked by Dmitry Kulikov.
10:20 of 2nd period - Shot by Dylan Larkin.
10:20 of 2nd period - Shot Misses the Net.
11:02 of 2nd period - Icing by Johnathan Kovacevic.
11:03 of 2nd period - Jean-Gabriel Pageau wins face-off versus Boone Jenner in CALGARY Flames zone.
11:24 of 2nd period - Shot by Brent Burns.
11:24 of 2nd period - Shot Misses the Net.
12:30 of 2nd period - Shot by Michael Rasmussen.
12:30 of 2nd period - Stopped by Charlie Lindgren with a rebound.
12:37 of 2nd period - Icing by Brent Burns.
12:38 of 2nd period - Boone Jenner wins face-off versus Jean-Gabriel Pageau in NASHVILLE Predators zone.
13:11 of 2nd period - Shot by Lawson Crouse.
13:11 of 2nd period - Shot Misses the Net.
13:57 of 2nd period - Shot by Alexei Toropchenko.
13:57 of 2nd period - Shot Misses the Net.
14:18 of 2nd period - Icing by Johnathan Kovacevic.
14:19 of 2nd period - Dylan Larkin wins face-off versus Charlie Coyle in CALGARY Flames zone.
14:51 of 2nd period - Charlie Coyle is hit by Dylan Larkin and loses puck.
14:56 of 2nd period - Shot by Dylan Larkin.
14:56 of 2nd period - Shot Blocked by Johnathan Kovacevic.
14:58 of 2nd period - Shot by Pavel Zacha.
14:58 of 2nd period - Shot Misses the Net.
15:03 of 2nd period - Dylan Larkin is hit by Darnell Nurse and loses puck.
15:18 of 2nd period - Esa Lindell is hit by Cole Perfetti and loses puck.
15:37 of 2nd period - Shot by Jonatan Berggren.
15:37 of 2nd period - Shot Misses the Net.
16:43 of 2nd period - Shot by Michael Rasmussen.
16:43 of 2nd period - Stopped by Charlie Lindgren without a rebound.
16:44 of 2nd period - Dylan Larkin wins face-off versus Ty Dellandrea in NASHVILLE Predators zone.
17:04 of 2nd period - Shot by A.J. Greer.
17:04 of 2nd period - Deflect By Ty Dellandrea.
17:04 of 2nd period - Shot Misses the Net.
17:06 of 2nd period - Shot by A.J. Greer.
17:06 of 2nd period - Shot Blocked by Luke Schenn.
17:39 of 2nd period - Icing by Dylan Larkin.
17:40 of 2nd period - Keegan Kolesar wins face-off versus Dylan Larkin in NASHVILLE Predators zone.
18:11 of 2nd period - Shot by Keegan Kolesar.
18:11 of 2nd period - Shot Misses the Net.
18:13 of 2nd period - Shot by Quinn Hughes.
18:13 of 2nd period - Stopped by Charlie Lindgren without a rebound.
18:14 of 2nd period - Boone Jenner wins face-off versus Alex DeBrincat in NASHVILLE Predators zone.
18:33 of 2nd period - Shot by Tanner Jeannot.
18:33 of 2nd period - Stopped by Jacob Markstrom without a rebound.
18:34 of 2nd period - Jean-Gabriel Pageau wins face-off versus Alexei Toropchenko in CALGARY Flames zone.
18:50 of 2nd period - Ty Dellandrea is hit by Travis Hamonic and loses puck.
19:09 of 2nd period - Shot by A.J. Greer.
19:09 of 2nd period - Shot Misses the Net.
19:11 of 2nd period - Shot by Alexei Toropchenko.
19:11 of 2nd period - Stopped by Charlie Lindgren without a rebound.
19:12 of 2nd period - Charlie Coyle wins face-off versus Aleksander Barkov in NASHVILLE Predators zone.
19:12 of 2nd period - Charlie Coyle is hit by Brent Burns.
Goals for this period are 0 for NASHVILLE Predators vs 1 for CALGARY Flames.
Shots for this period are 1 for NASHVILLE Predators vs 11 for CALGARY Flames.

3rd period


0:01 of 3rd period - Boone Jenner wins face-off versus Aleksander Barkov in neutral zone.
0:06 of 3rd period - Shot by Boone Jenner.
0:06 of 3rd period - Shot Misses the Net.
0:17 of 3rd period - Tanner Jeannot is hit by Lawson Crouse and loses puck.
0:37 of 3rd period - Minor Penalty to Charlie McAvoy for Slashing.
0:38 of 3rd period - Dylan Larkin wins face-off versus Michael Rasmussen in CALGARY Flames zone.
1:19 of 3rd period - Shot by Dylan Larkin.
1:19 of 3rd period - Deflect By Reilly Smith.
1:19 of 3rd period - Stopped by Jacob Markstrom without a rebound.
1:20 of 3rd period - Aleksander Barkov wins face-off versus Michael Rasmussen in CALGARY Flames zone.
1:34 of 3rd period - Icing by Jaccob Slavin.
1:35 of 3rd period - Aleksander Barkov wins face-off versus Michael Rasmussen in NASHVILLE Predators zone.
1:37 of 3rd period - Johnny Gaudreau is hit by Keegan Kolesar and loses puck.
2:02 of 3rd period - Shot by Brent Burns.
2:02 of 3rd period - Shot Blocked by Charlie Coyle.
2:04 of 3rd period - Shot by Jaccob Slavin.
2:04 of 3rd period - Shot Blocked by Josh Brown.
2:06 of 3rd period - Shot by Brent Burns.
2:06 of 3rd period - Shot Misses the Net.
2:08 of 3rd period - Shot by Brent Burns.
2:08 of 3rd period - Shot Blocked by Charlie Coyle.
2:10 of 3rd period - Shot by Alex DeBrincat.
2:10 of 3rd period - Stopped by Jacob Markstrom without a rebound.
2:11 of 3rd period - Michael Rasmussen wins face-off versus Dylan Larkin in CALGARY Flames zone.
2:43 of 3rd period - Quinn Hughes is hit by Dylan Gambrell.
2:51 of 3rd period - Shot by Ty Dellandrea.
2:51 of 3rd period - Shot Misses the Net.
2:53 of 3rd period - Shot by Charlie McAvoy.
2:53 of 3rd period - Shot Misses the Net.
3:11 of 3rd period - Shot by Ty Dellandrea.
3:11 of 3rd period - Shot Misses the Net.
3:35 of 3rd period - Jaccob Slavin is hit by Charlie Coyle and loses puck.
3:42 of 3rd period - Shot by Brent Burns.
3:42 of 3rd period - Stopped by Jacob Markstrom with a rebound.
3:44 of 3rd period - Shot by Brent Burns.
3:44 of 3rd period - Shot Blocked by Josh Brown.
3:46 of 3rd period - Shot by Tanner Jeannot.
3:46 of 3rd period - Deflect By Aleksander Barkov.
3:46 of 3rd period - Stopped by Jacob Markstrom with a rebound.
4:00 of 3rd period - Jaccob Slavin is hit by Charlie Coyle.
4:09 of 3rd period - Aleksander Barkov is hit by Johnathan Kovacevic and loses puck.
4:14 of 3rd period - Shot by Aleksander Barkov.
4:14 of 3rd period - Stopped by Jacob Markstrom with a rebound.
4:36 of 3rd period - Shot by Dylan Larkin.
4:36 of 3rd period - Shot Misses the Net.
4:38 of 3rd period - Shot by Travis Hamonic.
4:38 of 3rd period - Stopped by Jacob Markstrom without a rebound.
4:39 of 3rd period - Jean-Gabriel Pageau wins face-off versus Michael Rasmussen in CALGARY Flames zone.
5:15 of 3rd period - Shot by Keegan Kolesar.
5:15 of 3rd period - Deflect By Michael Rasmussen.
5:15 of 3rd period - Stopped by Charlie Lindgren without a rebound.
5:16 of 3rd period - Lawson Crouse wins face-off versus Pavel Zacha in NASHVILLE Predators zone.
5:26 of 3rd period - Off-side.
5:27 of 3rd period - Aleksander Barkov wins face-off versus Ty Dellandrea in neutral zone.
6:31 of 3rd period - Shot by Johnny Gaudreau.
6:31 of 3rd period - Stopped by Jacob Markstrom without a rebound.
6:32 of 3rd period - Dylan Larkin wins face-off versus Charlie Coyle in CALGARY Flames zone.
6:32 of 3rd period - Pavel Zacha is hit by Charlie McAvoy and loses puck.
6:37 of 3rd period - Shot by Pavel Zacha.
6:37 of 3rd period - Shot Misses the Net.
6:39 of 3rd period - Shot by Brent Burns.
6:39 of 3rd period - Stopped by Jacob Markstrom without a rebound.
6:40 of 3rd period - Lawson Crouse wins face-off versus Johnny Gaudreau in CALGARY Flames zone.
7:20 of 3rd period - Minor Penalty to Darnell Nurse for Cross-checking.
7:21 of 3rd period - Aleksander Barkov wins face-off versus Michael Rasmussen in CALGARY Flames zone.
8:17 of 3rd period - Reilly Smith is hit by Quinn Hughes and loses puck.
8:42 of 3rd period - Shot by Reilly Smith.
8:42 of 3rd period - Shot Misses the Net.
8:44 of 3rd period - Shot by Jaccob Slavin.
8:44 of 3rd period - Stopped by Jacob Markstrom without a rebound.
8:45 of 3rd period - Aleksander Barkov wins face-off versus Michael Rasmussen in CALGARY Flames zone.
8:56 of 3rd period - Shot by Esa Lindell.
8:56 of 3rd period - Shot Misses the Net.
11:23 of 3rd period - Shot by Michael Rasmussen.
11:23 of 3rd period - Stopped by Charlie Lindgren with a rebound.
11:52 of 3rd period - Shot by Tanner Jeannot.
11:52 of 3rd period - Shot Misses the Net.
11:56 of 3rd period - Shot by Alex DeBrincat.
11:56 of 3rd period - Stopped by Jacob Markstrom without a rebound.
11:57 of 3rd period - Dylan Larkin wins face-off versus Charlie Coyle in CALGARY Flames zone.
12:15 of 3rd period - Cole Perfetti is hit by Brent Burns.
12:44 of 3rd period - Icing by Brent Burns.
12:45 of 3rd period - Dylan Larkin wins face-off versus Boone Jenner in NASHVILLE Predators zone.
12:45 of 3rd period - Dylan Larkin is hit by Alex Newhook.
13:34 of 3rd period - Shot by Aleksander Barkov.
13:34 of 3rd period - Shot Misses the Net.
13:36 of 3rd period - Shot by Tanner Jeannot.
13:36 of 3rd period - Goal by Tanner Jeannot - NASHVILLE Predators : 1 - CALGARY Flames : 5.
13:37 of 3rd period - Charlie Coyle wins face-off versus Dylan Gambrell in neutral zone.
14:29 of 3rd period - Shot by Reilly Smith.
14:29 of 3rd period - Stopped by Jacob Markstrom without a rebound.
14:30 of 3rd period - Boone Jenner wins face-off versus Aleksander Barkov in CALGARY Flames zone.
15:06 of 3rd period - Jaccob Slavin is hit by Lawson Crouse and loses puck.
15:17 of 3rd period - Shot by Philipp Kurashev.
15:17 of 3rd period - Stopped by Charlie Lindgren without a rebound.
15:18 of 3rd period - Dylan Larkin wins face-off versus Michael Rasmussen in NASHVILLE Predators zone.
16:05 of 3rd period - Icing by Michael Rasmussen.
16:06 of 3rd period - Jean-Gabriel Pageau wins face-off versus Michael Rasmussen in CALGARY Flames zone.
16:06 of 3rd period - Esa Lindell is hit by Josh Brown and loses puck.
16:25 of 3rd period - Icing by Johnathan Kovacevic.
16:26 of 3rd period - Daniel Sprong wins face-off versus Aleksander Barkov in CALGARY Flames zone.
16:26 of 3rd period - Daniel Sprong is hit by Tanner Jeannot.
16:38 of 3rd period - Shot by Aleksander Barkov.
16:38 of 3rd period - Shot Misses the Net.
16:42 of 3rd period - Shot by Aleksander Barkov.
16:42 of 3rd period - Deflect By Tanner Jeannot.
16:42 of 3rd period - Shot Misses the Net.
16:44 of 3rd period - Shot by Jaccob Slavin.
16:44 of 3rd period - Stopped by Jacob Markstrom without a rebound.
16:45 of 3rd period - Jean-Gabriel Pageau wins face-off versus Boone Jenner in CALGARY Flames zone.
17:09 of 3rd period - Icing by Charlie McAvoy.
17:10 of 3rd period - Boone Jenner wins face-off versus Tanner Jeannot in CALGARY Flames zone.
17:24 of 3rd period - Off-side.
17:25 of 3rd period - Dylan Larkin wins face-off versus Charlie Coyle in neutral zone.
17:30 of 3rd period - Icing by Cole Perfetti.
17:31 of 3rd period - Aleksander Barkov wins face-off versus Charlie Coyle in CALGARY Flames zone.
18:07 of 3rd period - Off-side.
18:08 of 3rd period - Boone Jenner wins face-off versus Dylan Larkin in neutral zone.
18:14 of 3rd period - Minor Penalty to Boone Jenner for Roughing.
18:15 of 3rd period - Reilly Smith wins face-off versus Michael Rasmussen in CALGARY Flames zone.
18:16 of 3rd period - Shot by Dylan Larkin.
18:16 of 3rd period - Stopped by Jacob Markstrom without a rebound.
18:17 of 3rd period - Aleksander Barkov wins face-off versus Michael Rasmussen in CALGARY Flames zone.
18:17 of 3rd period - Aleksander Barkov is hit by Charlie McAvoy.
18:39 of 3rd period - Shot by Brent Burns.
18:39 of 3rd period - Shot Misses the Net.
18:51 of 3rd period - Shot by Brent Burns.
18:51 of 3rd period - Shot Blocked by Charlie Coyle.
18:58 of 3rd period - Icing by Johnny Gaudreau.
18:59 of 3rd period - Michael Rasmussen wins face-off versus Aleksander Barkov in NASHVILLE Predators zone.
19:16 of 3rd period - Shot by Lawson Crouse.
19:16 of 3rd period - Shot Blocked by Brent Burns.
19:18 of 3rd period - Shot by Charlie Coyle.
19:18 of 3rd period - Stopped by Charlie Lindgren without a rebound.
19:19 of 3rd period - Michael Rasmussen wins face-off versus Dylan Larkin in NASHVILLE Predators zone.
19:30 of 3rd period - Keegan Kolesar is hit by Dylan Larkin and loses puck.
19:39 of 3rd period - Shot by Esa Lindell.
19:39 of 3rd period - Shot Blocked by Keegan Kolesar.
19:41 of 3rd period - Shot by Travis Hamonic.
19:41 of 3rd period - Shot Blocked by Charlie McAvoy.
19:43 of 3rd period - Shot by Reilly Smith.
19:43 of 3rd period - Shot Blocked by Darnell Nurse.
19:45 of 3rd period - Shot by Esa Lindell.
19:45 of 3rd period - Deflect By Dylan Larkin.
19:45 of 3rd period - Shot Hit the Post.
19:47 of 3rd period - Shot by Travis Hamonic.
19:47 of 3rd period - Stopped by Jacob Markstrom without a rebound.
19:48 of 3rd period - Charlie Coyle wins face-off versus Aleksander Barkov in CALGARY Flames zone.
Goals for this period are 1 for NASHVILLE Predators vs 0 for CALGARY Flames.
Shots for this period are 15 for NASHVILLE Predators vs 4 for CALGARY Flames. Output by the SimonT Hockey Simulator (STHS) for Martin Benoit - Original Page W3C HTML5 Valid
Hockey Simulator - Hockey Simulation - Hockey Manager